General information
			
			
        
        - name: BNet
 
        - type: Ladder team game (AT/RT)
 
        - host: Battle.net
 
        - saver: TIMG4STRok
 
        
map: FullScaleAssault 
        - players: 8
 
        - length: 57:33
 
        - speed: Fast
 - version: 1.22 W3XP
 - replay type:  

 
» download(617 KB)
Players
        team 1 (winner) 
              
              
» 
BRAUMS (
pink | 78 APM | 4503 actions | 57:30)
              
 6 Blademaster 
 2 Wind Walk
 3 Critical Strike
 1 Bladestorm
 
                » actions 
                
                | Assign group hotkey | 36 |  | 
| Basic commands | 75 |  | 
| Build / train | 125 |  | 
| ESC pressed | 5 |  | 
| Enter build submenu | 73 |  | 
| Enter hero's abilities submenu | 6 |  | 
| Give item / drop item | 3 |  | 
| Right click | 2257 |  | 
| Select / deselect | 900 |  | 
| Select group hotkey | 703 |  | 
| Use ability | 320 |  | 
                4503 total
 » units 
                
                | Peon | 42 |  | 
| Goblin Zeppelin | 2 |  | 
| Troll Batrider | 40 |  | 
| Shaman | 3 |  | 
| Kodo Beast | 1 |  | 
                88 total
 » upgrades
                
                | Reinforced Defenses | 1 |  | 
| Liquid Fire | 1 |  | 
| Shaman Training | 2 |  | 
                4 total
 » buildings
                
                | Altar of Storms | 1 |  | 
| Orc Burrow | 5 |  | 
| Voodoo Lounge | 3 |  | 
| War Mill | 3 |  | 
| Stronghold | 1 |  | 
| Barracks | 1 |  | 
| Beastiary | 3 |  | 
| Great Hall | 6 |  | 
| Watch Tower | 45 |  | 
| Fortress | 1 |  | 
| Spirit Lodge | 1 |  | 
                70 total
 » build order
                00:05 Altar of Storms
00:08 Orc Burrow
00:42 Voodoo Lounge
01:37 War Mill
02:30 Stronghold
02:44 Orc Burrow
03:08 Orc Burrow
03:39 Orc Burrow
04:17 Barracks
04:58 Beastiary
05:57 Great Hall
05:58 Watch Tower
05:59 Watch Tower
06:00 Watch Tower
07:18 Watch Tower
07:20 Watch Tower
08:11 Watch Tower
08:34 Fortress
08:48 Great Hall
08:49 Watch Tower
08:51 Watch Tower
09:21 Beastiary
10:13 Beastiary
11:01 Watch Tower
11:01 Watch Tower
12:30 Watch Tower
12:31 Watch Tower
14:31 War Mill
16:17 Spirit Lodge
16:26 Watch Tower
16:28 Watch Tower
16:49 Watch Tower
16:50 Watch Tower
16:52 Watch Tower
16:53 Watch Tower
18:06 Watch Tower
18:07 Watch Tower
18:08 Watch Tower
18:10 Watch Tower
18:50 Watch Tower
18:51 Watch Tower
18:53 Watch Tower
20:10 Watch Tower
20:11 Watch Tower
20:12 Watch Tower
22:06 Watch Tower
22:11 Watch Tower
22:12 Watch Tower
23:09 Orc Burrow
23:11 Great Hall
24:00 Watch Tower
24:01 Watch Tower
25:03 Watch Tower
25:05 Watch Tower
27:08 Watch Tower
27:10 Watch Tower
27:11 Watch Tower
27:12 Watch Tower
27:17 Watch Tower
27:43 Watch Tower
27:44 Watch Tower
27:47 Watch Tower
29:16 Voodoo Lounge
30:02 War Mill
30:43 Watch Tower
31:17 Watch Tower
39:44 Voodoo Lounge
39:56 Great Hall
47:59 Great Hall
53:00 Great Hall
» items
                
                | Lesser Clarity Potion | 3 |  | 
| Healing Salve | 1 |  | 
| Potion of Mana | 3 |  | 
| Scroll of Town Portal | 11 |  | 
| Orb of Lightning | 1 |  | 
| Staff of Teleportation | 1 |  | 
| Potion of Healing | 2 |  | 
| Tiny Great Hall | 2 |  | 
                24 total
  
               
              
              
» 
Iceberg-Slim (
blue | 97 APM | 5600 actions | 57:30)
              
 8 Tauren Chieftain 
 3 War Stomp
 3 Endurance Aura
 1 Reincarnation
 1 Shockwave
 7 Shadow Hunter 
 3 Healing Wave
 3 Hex
 1 Big Bad Voodoo
 
                » actions 
                
                | Assign group hotkey | 30 |  | 
| Basic commands | 390 |  | 
| Build / train | 99 |  | 
| ESC pressed | 13 |  | 
| Enter build submenu | 34 |  | 
| Enter hero's abilities submenu | 16 |  | 
| Give item / drop item | 10 |  | 
| Remove unit from queue | 8 |  | 
| Right click | 2017 |  | 
| Select / deselect | 844 |  | 
| Select group hotkey | 1790 |  | 
| Use ability | 348 |  | 
                5600 total
 » units 
                
                | Peon | 16 |  | 
| Grunt | 4 |  | 
| Troll Batrider | 16 |  | 
| Blue Dragon | 4 |  | 
| Goblin Zeppelin | 2 |  | 
| Raider | 1 |  | 
                43 total
 » upgrades
                
                | Berserker Strength | 1 |  | 
| Liquid Fire | 1 |  | 
| Reinforced Defenses | 1 |  | 
| Ranged Weapons | 3 |  | 
| Armor | 3 |  | 
| Spiked Barricades | 2 |  | 
| Ensnare | 1 |  | 
                12 total
 » buildings
                
                | Altar of Storms | 1 |  | 
| Orc Burrow | 6 |  | 
| Barracks | 1 |  | 
| Voodoo Lounge | 1 |  | 
| Stronghold | 1 |  | 
| War Mill | 1 |  | 
| Beastiary | 3 |  | 
| Watch Tower | 15 |  | 
| Great Hall | 3 |  | 
| Fortress | 1 |  | 
                33 total
 » build order
                00:07 Altar of Storms
00:19 Orc Burrow
00:36 Barracks
01:28 Orc Burrow
02:41 Voodoo Lounge
03:11 Stronghold
03:55 War Mill
04:17 Orc Burrow
05:54 Beastiary
05:58 Beastiary
07:09 Watch Tower
07:15 Great Hall
08:14 Fortress
08:18 Watch Tower
09:23 Orc Burrow
09:27 Watch Tower
09:35 Orc Burrow
10:32 Watch Tower
10:43 Orc Burrow
11:43 Watch Tower
12:21 Watch Tower
13:54 Watch Tower
16:53 Watch Tower
18:15 Watch Tower
19:53 Watch Tower
20:16 Beastiary
29:01 Watch Tower
29:03 Watch Tower
29:25 Watch Tower
29:32 Great Hall
29:41 Watch Tower
29:50 Watch Tower
47:30 Great Hall
» items
                
                | Healing Salve | 4 |  | 
| Boots of Speed | 3 |  | 
| Orb of Lightning | 1 |  | 
| Periapt of Vitality | 1 |  | 
| Circlet of Nobility | 2 |  | 
| Scroll of Town Portal | 5 |  | 
                16 total
  
               
              
              
PatheticRTn00bs (
green | 254 APM | 14599 actions | 57:30)
              
 7 Crypt Lord 
 3 Carrion Beetles
 3 Spiked Carapace
 1 Locust Swarm
 
                » actions 
                
                | Assign group hotkey | 55 |  | 
| Basic commands | 81 |  | 
| Build / train | 92 |  | 
| Enter build submenu | 26 |  | 
| Enter hero's abilities submenu | 7 |  | 
| Remove unit from queue | 2 |  | 
| Right click | 3983 |  | 
| Select / deselect | 1266 |  | 
| Select group hotkey | 9008 |  | 
| Use ability | 79 |  | 
                14599 total
 » units 
                
                | Acolyte | 17 |  | 
| Ghoul | 7 |  | 
| Meatwagon | 8 |  | 
| Goblin Zeppelin | 1 |  | 
| Frost Wyrm | 15 |  | 
                48 total
 » upgrades
                
                | Unholy Strength | 2 |  | 
| Creature Carapace | 3 |  | 
| Creature Attack | 3 |  | 
| Freezing Breath | 1 |  | 
                9 total
 » buildings
                
                | Graveyard | 1 |  | 
| Crypt | 1 |  | 
| Ziggurat | 9 |  | 
| Altar of Darkness | 1 |  | 
| Necropolis | 2 |  | 
| Tomb of Relics | 1 |  | 
| Halls of the Dead | 3 |  | 
| Slaughterhouse | 3 |  | 
| Black Citadel | 1 |  | 
| Sacrificial Pit | 1 |  | 
| Boneyard | 3 |  | 
| Spirit Tower | 1 |  | 
                27 total
 » build order
                00:05 Graveyard
00:06 Crypt
00:37 Ziggurat
00:56 Altar of Darkness
01:53 Necropolis
02:06 Tomb of Relics
02:39 Halls of the Dead
02:39 Halls of the Dead
05:11 Slaughterhouse
05:14 Slaughterhouse
05:14 Slaughterhouse
05:43 Ziggurat
07:11 Ziggurat
07:41 Black Citadel
08:44 Necropolis
09:34 Sacrificial Pit
12:06 Boneyard
12:07 Boneyard
12:08 Boneyard
13:10 Ziggurat
13:11 Ziggurat
15:42 Ziggurat
17:48 Ziggurat
17:50 Ziggurat
21:08 Spirit Tower
22:43 Ziggurat
» items
                
                | Rod of Necromancy | 1 |  | 
| Scroll of Town Portal | 9 |  | 
| Potion of Healing | 2 |  | 
| Orb of Corruption | 1 |  | 
| Scroll of Speed | 1 |  | 
| Scroll of Healing | 1 |  | 
                15 total
  
               
              
              
» 
TIMG4STRok (
orange | 124 APM | 7156 actions | 57:33)
              
 9 Death Knight 
 3 Death Coil
 3 Unholy Aura
 1 Animate Dead
 2 Death Pact
 6 Lich 
 3 Frost Nova
 2 Frost Armor
 1 Death and Decay
 7 Dreadlord 
 3 Sleep
 3 Vampiric Aura
 1 Inferno
 
                » actions 
                
                | Assign group hotkey | 40 |  | 
| Basic commands | 232 |  | 
| Build / train | 92 |  | 
| ESC pressed | 2 |  | 
| Enter build submenu | 21 |  | 
| Enter hero's abilities submenu | 23 |  | 
| Give item / drop item | 14 |  | 
| Right click | 3040 |  | 
| Select / deselect | 376 |  | 
| Select group hotkey | 3124 |  | 
| Use ability | 192 |  | 
                7156 total
 » units 
                
                | Acolyte | 8 |  | 
| Ghoul | 3 |  | 
| Crypt Fiend | 5 |  | 
| Frost Wyrm | 12 |  | 
| Goblin Zeppelin | 1 |  | 
                29 total
 » upgrades
                
                | Creature Attack | 3 |  | 
| Web | 1 |  | 
| Burrow | 1 |  | 
| Creature Carapace | 3 |  | 
| Freezing Breath | 1 |  | 
                9 total
 » buildings
                
                | Graveyard | 1 |  | 
| Crypt | 1 |  | 
| Ziggurat | 6 |  | 
| Altar of Darkness | 1 |  | 
| Tomb of Relics | 2 |  | 
| Halls of the Dead | 1 |  | 
| Black Citadel | 1 |  | 
| Sacrificial Pit | 1 |  | 
| Necropolis | 3 |  | 
| Boneyard | 3 |  | 
| Spirit Tower | 1 |  | 
                21 total
 » build order
                00:05 Graveyard
00:07 Crypt
00:38 Ziggurat
00:56 Altar of Darkness
01:21 Tomb of Relics
02:13 Ziggurat
04:41 Halls of the Dead
04:53 Ziggurat
06:59 Ziggurat
07:04 Black Citadel
08:01 Sacrificial Pit
08:19 Necropolis
08:53 Ziggurat
09:29 Boneyard
09:30 Boneyard
09:44 Boneyard
15:18 Necropolis
16:09 Ziggurat
16:27 Tomb of Relics
18:51 Spirit Tower
19:43 Necropolis
» items
                
                | Rod of Necromancy | 1 |  | 
| Boots of Speed | 2 |  | 
| Scroll of Healing | 3 |  | 
| Staff of Teleportation | 1 |  | 
| Potion of Healing | 1 |  | 
| Potion of Mana | 3 |  | 
| Orb of Corruption | 2 |  | 
| Scroll of Town Portal | 8 |  | 
| Lesser Clarity Potion | 3 |  | 
| Healing Salve | 1 |  | 
                25 total
  
               team 2 (loser) 
              
              
» 
1V1DODGE (
purple | 103 APM | 5913 actions | 57:16)
              
 6 Mountain King 
 3 Storm Bolt
 2 Bash
 1 Avatar
 5 Paladin 
 3 Holy Light
 1 Divine Shield
 1 Devotion Aura
 
                » actions 
                
                | Assign group hotkey | 763 |  | 
| Basic commands | 13 |  | 
| Build / train | 139 |  | 
| Enter build submenu | 68 |  | 
| Enter hero's abilities submenu | 11 |  | 
| Give item / drop item | 3 |  | 
| Right click | 2041 |  | 
| Select / deselect | 1006 |  | 
| Select group hotkey | 1626 |  | 
| Use ability | 243 |  | 
                5913 total
 » units 
                
                | Peasant | 15 |  | 
| Goblin Shredder | 1 |  | 
| Gryphon Rider | 12 |  | 
| Siege Engine | 14 |  | 
| Frost Wyrm | 3 |  | 
                45 total
 » upgrades
                
                | Masonry | 3 |  | 
| Armor | 2 |  | 
| Swords | 3 |  | 
| Storm Hammers | 1 |  | 
| Animal War Training | 1 |  | 
| Barrage | 1 |  | 
| Gunpowder | 3 |  | 
| Plating | 2 |  | 
                16 total
 » buildings
                
                | Lumber Mill | 1 |  | 
| Altar of Kings | 1 |  | 
| Scout Tower | 40 |  | 
| Farm | 10 |  | 
| Guard Tower | 20 |  | 
| Arcane Tower | 3 |  | 
| Arcane Vault | 3 |  | 
| Keep | 1 |  | 
| Town Hall | 2 |  | 
| Castle | 1 |  | 
| Gryphon Aviary | 3 |  | 
| Blacksmith | 1 |  | 
| Barracks | 1 |  | 
| Workshop | 2 |  | 
                89 total
 » build order
                00:07 Lumber Mill
00:52 Altar of Kings
01:06 Scout Tower
01:08 Scout Tower
01:27 Scout Tower
01:28 Scout Tower
01:45 Farm
02:08 Guard Tower
02:20 Farm
02:31 Scout Tower
02:34 Scout Tower
02:55 Guard Tower
03:04 Scout Tower
03:07 Scout Tower
03:20 Arcane Tower
03:27 Guard Tower
03:37 Scout Tower
03:52 Scout Tower
03:54 Scout Tower
04:29 Guard Tower
04:29 Guard Tower
04:43 Scout Tower
04:45 Scout Tower
04:46 Scout Tower
04:47 Scout Tower
05:14 Arcane Tower
05:20 Farm
05:38 Scout Tower
05:40 Scout Tower
05:44 Scout Tower
05:54 Guard Tower
05:54 Guard Tower
05:59 Scout Tower
06:00 Guard Tower
06:43 Guard Tower
06:43 Guard Tower
06:58 Arcane Vault
07:14 Keep
07:43 Scout Tower
07:44 Scout Tower
07:45 Scout Tower
07:48 Scout Tower
07:49 Scout Tower
07:51 Scout Tower
07:52 Scout Tower
08:06 Farm
08:08 Farm
08:10 Scout Tower
08:12 Scout Tower
08:59 Guard Tower
09:25 Guard Tower
09:33 Town Hall
09:37 Scout Tower
09:51 Scout Tower
09:52 Scout Tower
10:25 Guard Tower
11:01 Arcane Tower
11:52 Castle
12:31 Arcane Vault
12:46 Gryphon Aviary
14:18 Gryphon Aviary
14:20 Arcane Vault
14:22 Blacksmith
15:21 Scout Tower
15:43 Scout Tower
15:44 Scout Tower
15:45 Scout Tower
15:46 Scout Tower
15:55 Barracks
15:57 Guard Tower
16:29 Guard Tower
16:32 Town Hall
16:47 Scout Tower
17:20 Gryphon Aviary
17:39 Guard Tower
19:38 Farm
19:40 Farm
19:42 Farm
20:34 Farm
20:38 Scout Tower
20:41 Scout Tower
21:44 Workshop
21:46 Workshop
22:10 Guard Tower
22:10 Guard Tower
22:13 Scout Tower
44:14 Farm
» items
                
                | Boots of Speed | 1 |  | 
| Staff of Teleportation | 1 |  | 
| Dust of Appearance | 1 |  | 
| Scroll of Regeneration | 7 |  | 
| Lesser Clarity Potion | 4 |  | 
| Potion of Healing | 2 |  | 
| Potion of Mana | 4 |  | 
| Orb of Fire | 1 |  | 
| Scroll of Town Portal | 7 |  | 
| Scroll of Protection | 2 |  | 
                30 total
  
               
              
              
» 
FFA_FIVE (
yellow | 101 APM | 5791 actions | 57:29)
              
 6 Death Knight 
 3 Death Coil
 3 Unholy Aura
 6 Lich 
 3 Frost Nova
 2 Dark Ritual
 1 Frost Armor
 
                » actions 
                
                | Assign group hotkey | 103 |  | 
| Basic commands | 70 |  | 
| Build / train | 88 |  | 
| Enter build submenu | 48 |  | 
| Enter hero's abilities submenu | 14 |  | 
| Give item / drop item | 8 |  | 
| Remove unit from queue | 3 |  | 
| Right click | 2024 |  | 
| Select / deselect | 760 |  | 
| Select group hotkey | 2413 |  | 
| Use ability | 260 |  | 
                5791 total
 » units 
                
                | Acolyte | 12 |  | 
| Ghoul | 5 |  | 
| Crypt Fiend | 7 |  | 
| Goblin Zeppelin | 4 |  | 
| Goblin Shredder | 1 |  | 
| Frost Wyrm | 4 |  | 
                33 total
 » buildings
                
                | Altar of Darkness | 3 |  | 
| Ziggurat | 16 |  | 
| Crypt | 1 |  | 
| Graveyard | 2 |  | 
| Nerubian Tower | 1 |  | 
| Tomb of Relics | 1 |  | 
| Halls of the Dead | 2 |  | 
| Spirit Tower | 4 |  | 
| Sacrificial Pit | 1 |  | 
| Black Citadel | 3 |  | 
| Necropolis | 6 |  | 
| Boneyard | 3 |  | 
                43 total
 » build order
                00:10 Altar of Darkness
00:13 Ziggurat
00:39 Crypt
02:24 Ziggurat
02:41 Graveyard
02:52 Nerubian Tower
03:01 Tomb of Relics
03:58 Halls of the Dead
04:00 Ziggurat
04:42 Spirit Tower
05:15 Ziggurat
05:17 Ziggurat
06:21 Sacrificial Pit
07:44 Black Citadel
07:46 Spirit Tower
09:55 Spirit Tower
11:25 Altar of Darkness
11:40 Necropolis
13:42 Boneyard
13:44 Boneyard
14:22 Boneyard
15:56 Necropolis
15:58 Ziggurat
15:58 Ziggurat
16:02 Ziggurat
17:26 Necropolis
18:16 Necropolis
18:18 Ziggurat
18:18 Ziggurat
18:21 Ziggurat
19:38 Ziggurat
19:39 Ziggurat
19:39 Ziggurat
20:30 Altar of Darkness
20:33 Necropolis
21:34 Graveyard
25:00 Necropolis
25:07 Halls of the Dead
28:23 Black Citadel
29:33 Ziggurat
29:34 Ziggurat
30:28 Spirit Tower
» items
                
                | Rod of Necromancy | 2 |  | 
| Dust of Appearance | 2 |  | 
| Potion of Healing | 5 |  | 
| Scroll of Town Portal | 10 |  | 
| Potion of Mana | 2 |  | 
| Scroll of Healing | 3 |  | 
| Orb of Corruption | 1 |  | 
| Potion of Lesser Invulnerability | 1 |  | 
                26 total
  
               
              
              
Fiar (
red | 68 APM | 3885 actions | 57:22)
              
 5 Mountain King 
 3 Storm Bolt
 2 Bash
 4 Paladin 
 2 Holy Light
 2 Divine Shield
 
                » actions 
                
                | Assign group hotkey | 10 |  | 
| Basic commands | 22 |  | 
| Build / train | 140 |  | 
| Enter build submenu | 37 |  | 
| Enter hero's abilities submenu | 10 |  | 
| Right click | 2632 |  | 
| Select / deselect | 616 |  | 
| Select group hotkey | 215 |  | 
| Use ability | 202 |  | 
                3885 total
 » units 
                
                | Peasant | 28 |  | 
| Goblin Shredder | 1 |  | 
| Goblin Zeppelin | 1 |  | 
| Mortar Team | 13 |  | 
| Flying Machine | 20 |  | 
| Sorceress | 2 |  | 
                65 total
 » upgrades
                
                | Masonry | 2 |  | 
| Lumber Harvesting | 1 |  | 
| Magic Sentry | 1 |  | 
| Flare | 1 |  | 
| Sorceress Training | 1 |  | 
| Fragmentation Shards | 1 |  | 
| Flak Cannons | 1 |  | 
| Gunpowder | 2 |  | 
| Plating | 2 |  | 
                12 total
 » buildings
                
                | Lumber Mill | 2 |  | 
| Farm | 17 |  | 
| Scout Tower | 41 |  | 
| Guard Tower | 28 |  | 
| Arcane Tower | 2 |  | 
| Altar of Kings | 1 |  | 
| Town Hall | 6 |  | 
| Keep | 4 |  | 
| Arcane Sanctum | 1 |  | 
| Blacksmith | 1 |  | 
| Workshop | 4 |  | 
| Castle | 4 |  | 
| Arcane Vault | 1 |  | 
                112 total
 » build order
                00:16 Lumber Mill
00:49 Farm
00:59 Scout Tower
00:59 Scout Tower
01:00 Scout Tower
01:02 Scout Tower
01:27 Guard Tower
01:35 Farm
01:56 Guard Tower
01:57 Guard Tower
01:57 Guard Tower
02:00 Scout Tower
02:07 Scout Tower
02:38 Guard Tower
02:38 Guard Tower
02:41 Scout Tower
02:42 Guard Tower
02:51 Scout Tower
03:05 Scout Tower
03:06 Scout Tower
03:06 Scout Tower
03:13 Scout Tower
03:43 Arcane Tower
03:43 Arcane Tower
03:46 Guard Tower
04:00 Guard Tower
04:00 Guard Tower
04:06 Guard Tower
04:15 Guard Tower
04:18 Altar of Kings
04:22 Scout Tower
04:26 Scout Tower
04:51 Guard Tower
04:56 Guard Tower
05:15 Scout Tower
05:41 Scout Tower
05:42 Scout Tower
06:18 Town Hall
06:45 Keep
06:54 Guard Tower
07:02 Guard Tower
07:52 Scout Tower
07:52 Scout Tower
07:52 Scout Tower
07:54 Scout Tower
07:54 Scout Tower
07:55 Scout Tower
08:31 Guard Tower
09:05 Guard Tower
09:16 Arcane Sanctum
09:18 Blacksmith
09:52 Guard Tower
10:14 Town Hall
10:24 Scout Tower
10:24 Scout Tower
10:24 Scout Tower
10:26 Scout Tower
10:26 Scout Tower
10:27 Scout Tower
10:27 Scout Tower
10:28 Scout Tower
10:29 Scout Tower
10:30 Scout Tower
10:32 Scout Tower
10:33 Scout Tower
10:58 Guard Tower
10:58 Guard Tower
11:25 Workshop
11:25 Workshop
11:26 Workshop
11:39 Farm
11:40 Farm
11:40 Farm
12:49 Guard Tower
13:45 Workshop
13:48 Scout Tower
13:48 Scout Tower
13:53 Castle
15:39 Guard Tower
15:58 Farm
15:59 Farm
15:59 Farm
16:45 Arcane Vault
20:39 Keep
20:39 Keep
21:17 Farm
21:17 Farm
21:17 Farm
21:18 Farm
22:03 Farm
22:03 Farm
22:04 Farm
22:04 Farm
22:05 Farm
24:21 Town Hall
24:29 Town Hall
24:59 Scout Tower
24:59 Scout Tower
25:00 Scout Tower
25:01 Scout Tower
26:13 Lumber Mill
27:24 Guard Tower
30:43 Castle
30:43 Castle
31:57 Town Hall
40:25 Town Hall
» items
                
                | Potion of Healing | 2 |  | 
| Scroll of Town Portal | 7 |  | 
| Boots of Speed | 1 |  | 
                10 total
  
               
              
              
» 
SomethingStupid (
teal | 45 APM | 1284 actions | 28:21)
              
 4 Death Knight 
 2 Death Coil
 2 Unholy Aura
 3 Lich 
 2 Frost Nova
 1 Frost Armor
 
                » actions 
                
                | Assign group hotkey | 14 |  | 
| Basic commands | 24 |  | 
| Build / train | 67 |  | 
| Enter build submenu | 22 |  | 
| Enter hero's abilities submenu | 7 |  | 
| Give item / drop item | 1 |  | 
| Right click | 690 |  | 
| Select / deselect | 247 |  | 
| Select group hotkey | 138 |  | 
| Use ability | 74 |  | 
                1284 total
 » units 
                
                | Acolyte | 7 |  | 
| Ghoul | 4 |  | 
| Crypt Fiend | 5 |  | 
| Frost Wyrm | 7 |  | 
                23 total
 » upgrades
                
                | Creature Carapace | 3 |  | 
| Creature Attack | 3 |  | 
| Web | 1 |  | 
| Ghoul Frenzy | 1 |  | 
| Freezing Breath | 1 |  | 
                9 total
 » buildings
                
                | Crypt | 1 |  | 
| Altar of Darkness | 1 |  | 
| Ziggurat | 16 |  | 
| Graveyard | 1 |  | 
| Tomb of Relics | 2 |  | 
| Nerubian Tower | 1 |  | 
| Spirit Tower | 8 |  | 
| Halls of the Dead | 1 |  | 
| Sacrificial Pit | 1 |  | 
| Black Citadel | 1 |  | 
| Necropolis | 1 |  | 
| Boneyard | 3 |  | 
                37 total
 » build order
                00:09 Crypt
00:37 Altar of Darkness
00:43 Ziggurat
01:06 Graveyard
01:44 Ziggurat
02:33 Ziggurat
02:36 Tomb of Relics
04:33 Nerubian Tower
04:35 Spirit Tower
04:48 Spirit Tower
07:28 Halls of the Dead
08:40 Ziggurat
08:43 Ziggurat
08:44 Ziggurat
09:45 Spirit Tower
09:48 Ziggurat
09:50 Ziggurat
10:21 Sacrificial Pit
12:49 Black Citadel
14:22 Spirit Tower
14:29 Necropolis
15:12 Ziggurat
15:13 Ziggurat
15:13 Ziggurat
15:14 Ziggurat
15:17 Boneyard
15:18 Boneyard
15:20 Boneyard
15:21 Ziggurat
15:22 Ziggurat
15:23 Ziggurat
15:24 Ziggurat
16:19 Spirit Tower
16:27 Spirit Tower
16:31 Spirit Tower
16:36 Spirit Tower
24:49 Tomb of Relics
» items
                
                | Dust of Appearance | 1 |  | 
| Scroll of Town Portal | 7 |  | 
| Orb of Corruption | 2 |  | 
| Potion of Mana | 1 |  | 
| Scroll of Healing | 1 |  | 
| Periapt of Vitality | 1 |  | 
| Boots of Speed | 1 |  | 
                14 total
  
                Chat log
          (00:10 / All) PatheticRTn00bs: U GUYS NOTICE
(00:13 / All) TIMG4STRok: hey at least you own up to it with your name
(00:14 / All) PatheticRTn00bs: GREEN CREEP CAMPS ON TOP AND BOTTOM OF MAP
(00:24 / All) PatheticRTn00bs: GIVE TOME OF EXP ON THIS MAP NOW?
(00:26 / All) PatheticRTn00bs: ever since today
(00:30 / Allies) PatheticRTn00bs: they know its me probably lol
(00:31 / Allies) PatheticRTn00bs: btw
(00:32 / All) Fiar: try to be manner
(00:35 / All) PatheticRTn00bs: no u
(00:35 / Allies) BRAUMS: no shit
(00:37 / Allies) BRAUMS: only u
(00:40 / Allies) BRAUMS: would have that na,e
(00:40 / All) Fiar: i am manner
(00:41 / All) PatheticRTn00bs: FUCK YOU
(00:43 / All) PatheticRTn00bs: STUPID FAGGOT
(00:43 / All) TIMG4STRok: gl hf
(00:45 / All) PatheticRTn00bs: I'M GONA FUCK YOU UP
(00:50 / All) PatheticRTn00bs: CREEP UR GREENS!
(00:53 / All) TIMG4STRok: i got my manner bot but he only talk to allies..............
(00:54 / All) BRAUMS: thats not kodos!
(00:56 / All) 1V1DODGE: kodos isn't here
(01:01 / All) PatheticRTn00bs: well WELL FUCK THAT
(01:04 / All) BRAUMS: Sure he ain't
(01:04 / All) TIMG4STRok: of course he isn't
(01:07 / All) BRAUMS: *wink*
(01:11 / All) BRAUMS: 5 minutes later
(01:15 / All) FFA_FIVE: Man you guys really care about kodos
(01:16 / All) TIMG4STRok: NIGGER SHIT FUCK
(01:20 / All) PatheticRTn00bs: I DONT GIVE A SHIT ANYMORE
(01:21 / All) BRAUMS: "lol raped timg and talons in 4's heres replay"
(01:21 / All) PatheticRTn00bs: DO YOU EHAR ME?
(01:30 / All) BRAUMS: if he loses
(01:33 / All) BRAUMS: "no it wasn't me idiot"
(01:39 / All) TIMG4STRok: hoody hooo
(01:40 / All) PatheticRTn00bs: CREEP UR GREENS FAGGOT
(01:43 / All) FFA_FIVE: it would e better than
(01:47 / All) FFA_FIVE: timg's mass excuses
(01:50 / All) BRAUMS: no
(01:51 / All) BRAUMS: no it isn't
(01:53 / All) TIMG4STRok: never use excuses sorry
(01:55 / All) FFA_FIVE: yes
(01:55 / All) FFA_FIVE: it is
(02:18 / All) PatheticRTn00bs: FIAR DO U HAVE ANY IDEA
(02:20 / All) PatheticRTn00bs: WHO UR TALKIGN TO?
(02:26 / All) Fiar: i dont care
(02:26 / All) 1V1DODGE: no one cares
(02:29 / All) PatheticRTn00bs: oh wow
(02:30 / All) PatheticRTn00bs: WOW
(02:31 / All) PatheticRTn00bs: LOOK
(02:32 / All) BRAUMS: that's jaws
(02:33 / All) PatheticRTn00bs: I CARE THAT U DONT CARE
(02:34 / All) PatheticRTn00bs: I CARE
(02:41 / All) 1V1DODGE: who?
(02:41 / Allies) PatheticRTn00bs: fuck why did u tell him
(02:48 / Allies) PatheticRTn00bs: lol
(02:51 / Allies) PatheticRTn00bs: FUCK
(02:52 / Allies) PatheticRTn00bs: NOW
(02:57 / Allies) PatheticRTn00bs: I CNAT GET MY 
(02:58 / All) TIMG4STRok: thanks fiar
(03:02 / Allies) PatheticRTn00bs: SHIT ACROSS
(03:05 / Allies) PatheticRTn00bs: SUCKS
(03:07 / All) TIMG4STRok: imitation is the sincerest form of flattery
(03:07 / All) Fiar: ?
(03:14 / All) TIMG4STRok: patented clan towa strategy
(03:17 / All) Fiar: imitation of what
(03:21 / All) Fiar: i learned this from davis
(03:23 / All) Fiar: 2 years ago
(03:31 / All) TIMG4STRok: we did it, 3 years ago
(03:32 / All) PatheticRTn00bs: DAVIS?
(03:33 / All) TIMG4STRok: hoody hoo
(03:37 / All) PatheticRTn00bs: THE FAGGOT FROM CLAN WHATS HIS ANME
(03:43 / All) SomethingStupid: no clan towa invented anything that has to do with towers
(03:47 / All) PatheticRTn00bs: ELVEN Z ROFL
(03:47 / All) BRAUMS: who the hell is davis lol
(03:48 / All) TIMG4STRok: we did
(03:51 / All) Fiar: davis is an older forumer than you jaws
(03:52 / All) FFA_FIVE: some stupid trash who has never been ranked while towering is pretending he did anything special
(03:53 / All) Fiar: as am i
(03:54 / All) SomethingStupid: including the stuff that hasnt been invented yet
(03:55 / All) TIMG4STRok: clan towa #1 innovators on azeroth
(03:59 / All) PatheticRTn00bs: YEAH I SAID ELVEN Z
(04:05 / All) FFA_FIVE: when they wanted to get rank 1 in 4s
(04:07 / All) TIMG4STRok: used to be rank 4 4v4 with towers sorry kid
(04:09 / All) FFA_FIVE: they resorted to feeding ur and orcs
(04:13 / All) 1V1DODGE: lol
(04:15 / All) FFA_FIVE: no you protoed
(04:19 / All) FFA_FIVE: and did wyrm bats while feeding
(04:22 / All) TIMG4STRok: no
(04:27 / All) TIMG4STRok: lmao
(04:29 / All) TIMG4STRok: angry nerd
(04:32 / All) BRAUMS: who protos?
(04:33 / All) BRAUMS: u
(04:34 / All) BRAUMS: lol
(04:38 / All) 1V1DODGE: nope
(04:38 / All) FFA_FIVE: little timmy here does
(04:39 / Allies) PatheticRTn00bs: ficl
(04:40 / Allies) PatheticRTn00bs: wtf
(04:44 / Allies) PatheticRTn00bs: LLL
(04:45 / Allies) PatheticRTn00bs: TALONS
(04:46 / Allies) PatheticRTn00bs: I ALMOST LOST
(04:47 / Allies) PatheticRTn00bs: LIKE U
(04:51 / Allies) PatheticRTn00bs: \help
(05:01 / Allies) PatheticRTn00bs: t.t
(05:03 / Allies) PatheticRTn00bs: had to lose him
(05:24 / Allies) PatheticRTn00bs: fucking gay creep
(05:27 / Allies) PatheticRTn00bs: put 
(05:30 / Allies) PatheticRTn00bs: ice on itself
(05:31 / Allies) PatheticRTn00bs: at start
(06:42 / Allies) PatheticRTn00bs: i dont know why i'm still going wagons
(06:43 / Allies) PatheticRTn00bs: whatever
(06:53 / All) 1V1DODGE: nj
(06:57 / All) BRAUMS: u had dust!?
(06:57 / All) PatheticRTn00bs: n1
(07:00 / All) BRAUMS: woah u tricked me
(07:01 / All) 1V1DODGE: and?
(07:04 / All) 1V1DODGE: u lost ur hero
(07:07 / All) BRAUMS: I looked at inv
(07:08 / All) BRAUMS: no dust
(07:09 / All) SomethingStupid: clan towa invented dust
(07:10 / All) BRAUMS: wth
(07:16 / All) 1V1DODGE: duh
(07:42 / Allies) PatheticRTn00bs: sigh
(07:43 / Allies) PatheticRTn00bs: forgot
(07:47 / Allies) PatheticRTn00bs: to make my other zig
(07:48 / Allies) PatheticRTn00bs: somehow..
(07:49 / Allies) PatheticRTn00bs: meh
(08:38 / All) PatheticRTn00bs: I STAY TRUE TO MY WORD
(09:02 / Allies) BRAUMS: excellent
(10:16 / All) BRAUMS: dam hackers
(10:17 / All) BRAUMS: god dam
(10:23 / All) PatheticRTn00bs: YEP
(10:24 / All) BRAUMS: wow hackers
(10:27 / All) FFA_FIVE: "what excuses"
(10:28 / All) BRAUMS: wgdf will be hearin
(10:30 / All) BRAUMS: bout this
(10:32 / All) FFA_FIVE: k
(10:32 / All) BRAUMS: jesus
(10:33 / All) 1V1DODGE: oh no
(10:48 / All) BRAUMS: repair
(11:15 / Allies) PatheticRTn00bs: oops
(11:16 / Allies) PatheticRTn00bs: i tp
(11:20 / Allies) PatheticRTn00bs: OR I DIDNT
(11:20 / Allies) PatheticRTn00bs: LOL
(11:57 / Allies) PatheticRTn00bs: WTF
(11:59 / Allies) PatheticRTn00bs: IS MY EHRO DOING
(12:19 / All) BRAUMS: WHYE VEN ILLUSION THEY HACK
(12:20 / All) BRAUMS: LOL
(13:30 / Allies) PatheticRTn00bs: GETTING MORE WAGOSN
(14:40 / All) BRAUMS: i would hate for u guys to lose
(16:38 / Allies) TIMG4STRok: gold me
(16:45 / Allies) PatheticRTn00bs: PRETTY COOL HUH LOL
(18:32 / Allies) PatheticRTn00bs: lol
(20:10 / Allies) PatheticRTn00bs: oh shit
(20:16 / Allies) BRAUMS: lol jkaws
(20:34 / Allies) PatheticRTn00bs: np
(21:00 / Allies) TIMG4STRok: wood
(22:21 / Allies) BRAUMS: use my bats
(22:23 / Allies) BRAUMS: on u jaws
(23:36 / All) BRAUMS: ur losing
(24:03 / Allies) PatheticRTn00bs: how r u guys getting over tehre
(24:03 / Allies) PatheticRTn00bs: anyway
(24:04 / Allies) PatheticRTn00bs: lol
(24:07 / Allies) PatheticRTn00bs: nmm
(24:08 / Allies) PatheticRTn00bs: nm
(26:54 / Allies) PatheticRTn00bs: me use?
(26:55 / Allies) PatheticRTn00bs: o rur?
(28:25 / All) BRAUMS: lmao
(30:23 / Allies) PatheticRTn00bs: i got this
(30:58 / All) BRAUMS: roflmao
(30:59 / All) BRAUMS: stne
(31:01 / All) BRAUMS: Losing team
(31:06 / All) BRAUMS: AHHAHA
(31:09 / All) BRAUMS: dAM KIDDOS
(32:12 / All) FFA_FIVE: yes run nigger 
(32:15 / Allies) PatheticRTn00bs: i got out
(32:15 / Allies) PatheticRTn00bs: t.t
(32:24 / Allies) PatheticRTn00bs: guys u give me cash i got wagons
(32:32 / Allies) PatheticRTn00bs: fuck
(32:40 / Allies) PatheticRTn00bs: so h
(32:41 / Allies) PatheticRTn00bs: uh
(33:08 / Allies) PatheticRTn00bs: i need cash:/
(33:51 / Allies) PatheticRTn00bs: do wht?
(33:58 / Allies) PatheticRTn00bs: no money
(33:59 / Allies) PatheticRTn00bs: no money
(34:23 / Allies) PatheticRTn00bs: gpoo
(34:57 / All) BRAUMS: Rofl nice tp
(35:15 / Allies) PatheticRTn00bs: one sec
(35:17 / Allies) PatheticRTn00bs: i'm healing ujp
(35:17 / Allies) PatheticRTn00bs: up
(35:48 / Allies) PatheticRTn00bs: 100 gold plz
(36:05 / Allies) PatheticRTn00bs: k
(36:15 / Allies) PatheticRTn00bs: lol
(36:16 / Allies) PatheticRTn00bs: he iddnt remake
(37:18 / Allies) PatheticRTn00bs: bb
(37:18 / Allies) PatheticRTn00bs: bb
(38:20 / Allies) PatheticRTn00bs: oput
(38:31 / Allies) PatheticRTn00bs: sjoze
(39:21 / Allies) BRAUMS: out
(40:03 / Allies) PatheticRTn00bs: u got bats in my base
(40:04 / Allies) PatheticRTn00bs: just fyi
(41:54 / Allies) PatheticRTn00bs: didnt lose one
(41:55 / Allies) PatheticRTn00bs: wyrm
(42:00 / Allies) PatheticRTn00bs: LOL
(42:43 / Allies) PatheticRTn00bs: i have no tp
(42:43 / Allies) PatheticRTn00bs: btw
(42:48 / Allies) BRAUMS: get one moron
(42:56 / Allies) PatheticRTn00bs: give gold
(42:58 / Allies) PatheticRTn00bs: t.t
(43:12 / Allies) PatheticRTn00bs: 300 gold
(43:12 / Allies) PatheticRTn00bs: now
(43:19 / Allies) PatheticRTn00bs: gold now
(43:29 / Allies) PatheticRTn00bs: kk
(44:54 / Allies) PatheticRTn00bs: yeah i got the fuck out
(45:10 / Allies) BRAUMS: poor choice
(47:08 / Allies) PatheticRTn00bs: i got it
(47:35 / Allies) BRAUMS: watch yourself
(47:38 / Allies) BRAUMS: jaws
(48:01 / Allies) PatheticRTn00bs: imma go back
(48:05 / Allies) BRAUMS: fight with timg
(48:32 / Allies) TIMG4STRok: out
(49:08 / Allies) PatheticRTn00bs: get out
(49:30 / All) FFA_FIVE: you have no fucking way of seeing us jesus christ
(49:36 / All) TIMG4STRok: shade?
(49:39 / All) BRAUMS: yeah except shades
(49:40 / All) BRAUMS: i mean
(49:42 / All) FFA_FIVE: WE HVE THREE SHADES THERE CHAMP
(49:44 / All) Fiar: we have shades
(49:44 / All) Fiar: there
(49:47 / All) Iceberg-Slim: manner up you incorrigle scrub
(49:55 / All) TIMG4STRok: ive had a shade following your army past 10 minutes
(50:03 / All) TIMG4STRok: check replay lmao
(50:17 / All) Iceberg-Slim: this replay going up for all to see
(50:21 / All) PatheticRTn00bs: yesh
(50:23 / All) TIMG4STRok: grats you killed it
(50:52 / Allies) PatheticRTn00bs: we win
(51:11 / All) BRAUMS: gg
(51:11 / All) BRAUMS: lol
(51:35 / All) FFA_FIVE: this is more of that towering skill right
(51:37 / All) BRAUMS: pop goes the pally
(51:44 / All) BRAUMS: yeah said the guys
(51:47 / All) BRAUMS: who started
(51:48 / All) FFA_FIVE: 400 supply of nothing but wyrms bats is not protoing
(51:49 / All) BRAUMS: towering the chokepoints
(51:52 / All) BRAUMS: right at start
(51:55 / All) Iceberg-Slim: i have dragons
(51:56 / All) BRAUMS: "we dont proto"
(51:57 / All) Iceberg-Slim: i am a dragon ryder
(51:57 / All) TIMG4STRok: we got 2 ud 2 orc what do you want
(52:03 / All) TIMG4STRok: sorry random favored us
(52:12 / Allies) PatheticRTn00bs: me putting that necrop there
(52:13 / All) FFA_FIVE: yes your entire ability to win is based on us not getting an orc
(52:14 / Allies) PatheticRTn00bs: was GG
(52:15 / All) FFA_FIVE: well done
(52:23 / All) Iceberg-Slim: bow
(52:24 / All) Iceberg-Slim: bow
(52:24 / All) TIMG4STRok: nah more like you're a big nooby
(52:25 / All) Iceberg-Slim: bow
(52:26 / All) Iceberg-Slim: bow
(52:26 / All) BRAUMS: u must be kok
(52:26 / All) Iceberg-Slim: bow
(52:27 / All) Iceberg-Slim: bow
(52:28 / All) Iceberg-Slim: bow
(52:28 / All) BRAUMS: hello kok
(52:28 / All) Iceberg-Slim: bow
(52:29 / All) Iceberg-Slim: bow
(52:30 / All) Iceberg-Slim: bow
(53:02 / All) BRAUMS: Dam guys
(53:03 / All) BRAUMS: "gg"
(53:05 / All) TIMG4STRok: TIMG4STRok - MVP
(53:06 / All) BRAUMS: holy shit
(53:19 / All) FFA_FIVE: you didn't do shit dork except lose your heroes for no reason
(53:23 / All) BRAUMS: yup
(53:25 / All) PatheticRTn00bs: actually
(53:25 / All) Iceberg-Slim: leave the game]
(53:26 / All) PatheticRTn00bs: that hwas me
(53:28 / All) TIMG4STRok: i raped you guys silly on bottom
(53:28 / All) TIMG4STRok: 3v1
(53:30 / All) Iceberg-Slim: you are a scrub and you cant face true pros
(53:30 / All) TIMG4STRok: with my army
(53:33 / All) Iceberg-Slim: so manner up and bow
(53:34 / All) FFA_FIVE: no jaws you didn't lose your hero
(53:36 / All) FFA_FIVE: the only one who didn't
(53:37 / All) Iceberg-Slim: suck my dick bitch
(53:44 / All) TIMG4STRok: how do you feel about me microing circles around you before wyrms came out and it became target hero fest
(53:44 / All) PatheticRTn00bs: i did early on
(53:45 / All) PatheticRTn00bs: a lot
(53:49 / All) PatheticRTn00bs: only c uz i dont care about him
(53:51 / All) PatheticRTn00bs: ONLY MY WAGOSN
(53:58 / All) BRAUMS: clan towa > u guys
(53:58 / All) BRAUMS: roflmao
(54:02 / All) TIMG4STRok: clan towa #1
(54:12 / All) FFA_FIVE: yes being what
(54:18 / All) FFA_FIVE: 2-20 means you're better
(54:21 / All) TIMG4STRok: #1 azeroth
(54:23 / All) BRAUMS: oh ok
(54:24 / All) TIMG4STRok: #1 world
(54:25 / All) BRAUMS: 2-20
(54:28 / All) TIMG4STRok: #1 in our hearts
(54:29 / All) BRAUMS: where did those numbers come from?
(54:36 / All) TIMG4STRok: thought it was 1-10
(54:38 / All) FFA_FIVE: the games timg has been raped
(54:39 / All) BRAUMS: Kok's fantasy land
(54:42 / All) BRAUMS: more like it
(54:44 / All) TIMG4STRok: just because my win total doubles doesn't mean yours does.
(54:47 / All) FFA_FIVE: no i wouldn't know the exact number
(54:48 / All) Iceberg-Slim: are few and far between
(54:54 / All) FFA_FIVE: that's something timmy would keep in mind and post on his site
(54:58 / All) BRAUMS: ur right
(55:01 / All) BRAUMS: are u embarassed
(55:02 / All) 1V1DODGE: blue is like 40%
(55:03 / All) TIMG4STRok: guy tries a patented clan towa strat then cries when he loses
(55:04 / All) BRAUMS: u tried to proto on fsa
(55:04 / All) Iceberg-Slim: manner up and bow
(55:05 / All) 1V1DODGE: dont talk man
(55:07 / All) TIMG4STRok: need me to teach you?
(55:07 / All) 1V1DODGE: k
(55:09 / All) BRAUMS: LOL KODOS
(55:14 / All) FFA_FIVE: how could we proto without an orc
(55:14 / All) Iceberg-Slim: manner up and bow
(55:15 / All) BRAUMS: iceberg is 60%
(55:15 / All) FFA_FIVE: explain this
(55:19 / All) Iceberg-Slim: i am 60.4% thanks
(55:20 / All) BRAUMS: "DAM TOWER CHOKEPOINTS ON FSA"
(55:21 / All) BRAUMS: GOGOGO
(55:26 / All) Iceberg-Slim: so manner and bow
(55:29 / All) Iceberg-Slim: i teach you something about this game
(55:35 / All) TIMG4STRok: "hey clan towa beat us a few times when all they used to do was tower lets try it"
(55:47 / All) FFA_FIVE: you can only win by protoing idiot
(55:53 / Allies) PatheticRTn00bs: \WHAT?
(55:55 / All) FFA_FIVE: you have never won by towering
(55:59 / All) TIMG4STRok: lmao
(55:59 / All) Iceberg-Slim: bow
(56:06 / All) TIMG4STRok: 2003-2007 sorry
(56:14 / All) TIMG4STRok: maybe even early-mid 2008
(56:20 / All) TIMG4STRok: is when i started playing serious
(56:21 / All) BRAUMS: Dam bbv
(56:25 / All) TIMG4STRok: took azeroth by storm and never looked back
(56:46 / All) BRAUMS: back tot he towers - teal
(57:01 / All) BRAUMS: Dam
(57:01 / All) BRAUMS: kids
(57:14 / All) BRAUMS: wow gg stne
(57:15 / All) BRAUMS: Lmao
(57:18 / All) TIMG4STRok: lmao
(57:19 / All) FFA_FIVE: the 18 year old who works at mcdonalds talking again
(57:22 / All) BRAUMS: lol
(57:22 / All) TIMG4STRok: ?
(57:24 / All) Iceberg-Slim: manner up and leave
(57:25 / All) BRAUMS: "ok"
(57:27 / All) FFA_FIVE: sad nerds
(57:29 / All) TIMG4STRok: are you citing that from the joke thread